 Dungeon Crawl Stone Soup version 0.18.1-50-g88ac8fd (webtiles) character file.

211 magog001 the Shield-Bearer (level 5, -10/33 HPs)
             Began as a Gargoyle Fighter on Dec 28, 2018.
             Was an Initiate of Nemelex Xobeh.
             Mangled by an ogre
             ... wielding a +0 giant club
              (14 damage)
             ... on level 4 of the Dungeon.
             The game lasted 00:16:02 (3438 turns).

magog001 the Shield-Bearer (Gargoyle Fighter)       Turns: 3438, Time: 00:16:03

Health: -10/33     AC: 14    Str: 26    XL:     5   Next: 88%
Magic:  5/5        EV:  8    Int:  8    God:    Nemelex Xobeh [......]
Gold:   192        SH: 10    Dex:  9    Spells: 0 memorised, 4 levels left

rFire  . . .     SeeInvis .     a - +0 flail
rCold  + . .     Gourm    .     b - +0 scale mail
rNeg   + . .     Faith    .     c - +0 shield
rPois  ∞         Spirit   .     (no helmet)
rElec  +         Dismiss  .     (no cloak)
rCorr  .         Reflect  .     x - +2 pair of gloves
SustAt .         Harm     .     (no boots)
MR     .....                    (no amulet)
Stlth  ..........               (no ring)
                                s - ring of protection from cold

@: mighty, not resistant to hostile enchantments, extremely unstealthy
A: negative energy resistance 1, electricity resistance, unbreathing,
petrification resistance, rot immunity, AC +4
a: Renounce Religion


You were on level 4 of the Dungeon.
You worshipped Nemelex Xobeh.
Nemelex Xobeh was noncommittal.
You were not hungry.

You visited 2 branches of the dungeon, and saw 5 of its levels.

You collected 192 gold pieces.

Inventory:

Hand Weapons
 a - a +0 flail (weapon)
 g - a +0 hunting sling
Missiles
 t - 2 tomahawks (quivered)
 u - 16 poisoned needles
Armour
 b - a +0 scale mail (worn)
 c - a +0 shield (worn)
 x - a +2 pair of gloves (worn)
Jewellery
 s - a ring of protection from cold (left hand)
Scrolls
 e - 2 scrolls of immolation {unknown}
 h - 3 scrolls of amnesia {unknown}
 j - 4 scrolls of identify {unknown}
 l - 5 scrolls of remove curse {unknown}
 r - a scroll of recharging {unknown}
 v - a scroll of enchant armour {unknown}
 w - a scroll of teleportation {unknown}
Potions
 i - a potion of invisibility {unknown}
 m - a potion of curing {unknown}
 n - 2 potions of lignification {unknown}
 o - a potion of cure mutation {unknown}
 p - 2 potions of haste {unknown}
 z - a potion of ambrosia {unknown}
Miscellaneous
 q - a plain deck of escape
Comestibles
 f - 2 bread rations
 k - 3 beef jerkies


   Skills:
 + Level 4.1 Fighting
 * Level 2.8 Maces & Flails
 * Level 4.4 Armour
 * Level 2.0 Stealth
 * Level 4.8 Shields


You had 4 spell levels left.
You didn't know any spells.

Dungeon Overview and Level Annotations

Branches:
Dungeon (4/15)             Temple (1/1) D:4

Altars:
Fedhas
Kikubaaqudgha
Makhleb
Nemelex Xobeh
Qazlal
Ru
Sif Muna
Xom
The Shining One

Annotations:
D:4 Pikel


Innate Abilities, Weirdness & Mutations

You are resistant to torment.
Your stone body is resilient (AC +4).
You are immune to poison.
You resist negative energy.
You are resistant to electric shocks.
You can survive without breathing.
You are immune to petrification.
You are immune to rotting.


Message History

You sock the slave!
The slave is almost dead.
You block the slave's attack.
You sock the slave!
You kill the slave!
That felt strangely unrewarding.
You block the ogre's attack.
You closely miss the ogre. You block the ogre's attack.
You barely miss the ogre. You hit the ogre.
The ogre is lightly wounded.
The ogre hits you with a giant club! You block the ogre's attack.
You sock the ogre!
The ogre is heavily wounded.
The ogre hits you with a giant club!
* * * LOW HITPOINT WARNING * * *
You barely miss the ogre.
The ogre is heavily wounded.
The ogre hits you with a giant club!
You die...
Your body disappears without a glow.

######### #####
........############...#
#......................#
#.#####.############...#
#.# ##.## #.# #.# #@#
####.# #O# ##....#
###.#####K# #...###
.!....p$pp#########....#
.......K.p#.......#....#
.#####.##.#.♣♣.♣♣.#....#
#p #.#.♣.♣.♣.#....# #.
###..♣♣♣..'..#.# #.
#.♣.♣.♣.##.#.#


You could see Pikel, an ogre and 3 slaves.

Vanquished Creatures
  A slave (D:4)
  An orc wizard (D:3)
  A worker ant (D:4)
  6 adders
  An adder skeleton (D:4)
  2 worms
  2 dart slugs
  5 giant geckos
  4 orcs (D:3)
  A ball python (D:4)
  3 giant cockroaches
  12 goblins
  8 hobgoblins
  12 jackals
  A quokka (D:4)
  6 bats
  3 giant newts
  4 kobolds
  12 rats
85 creatures vanquished.

Notes
Turn   | Place    | Note
--------------------------------------------------------------
     0 | D:1      | magog001 the Gargoyle Fighter began the quest for the Orb.
     0 | D:1      | Reached XP level 1. HP: 14/14 MP: 1/1
   189 | D:1      | Reached XP level 2. HP: 19/19 MP: 2/2
   529 | D:1      | You fall through a shaft!
   768 | D:1      | Reached XP level 3. HP: 24/24 MP: 3/3
  1157 | D:2      | Reached XP level 4. HP: 29/29 MP: 4/4
  1803 | D:3      | Reached skill level 1 in Stealth
  1851 | D:3      | Found a stormy altar of Qazlal.
  2137 | D:3      | Reached XP level 5. HP: 15/33 MP: 5/5
  3172 | D:4      | Found a staircase to the Ecumenical Temple.
  3184 | Temple   | Entered the Ecumenical Temple
  3302 | Temple   | Became a worshipper of Nemelex Xobeh the Trickster
  3324 | D:4      | Received a gift from Nemelex Xobeh
  3418 | D:4      | Noticed an ogre
  3420 | D:4      | Noticed a slave
  3421 | D:4      | Noticed Pikel
  3421 | D:4      | Noticed a slave
  3422 | D:4      | Noticed a slave
  3423 | D:4      | Noticed a slave
  3433 | D:4      | Killed a slave
  3438 | D:4      | Mangled by an ogre

Skill      XL: |  1  2  3  4  5 |
---------------+----------------+-----
Fighting       | 4 |  4.1
Shields        | 4 |  4.8
Stealth        | 1 2 |  2.0
Armour         | 4 |  4.4
Maces & Flails | |  2.8

Action                   |  1- 3 |  4- 6 || total
-------------------------+-------+-------++-------
Melee: Flail             |   133 |   233 ||   366
  Use: Potion            |       |     2 ||     2
  Eat: Chunk             |     1 |     7 ||     8
       Beef jerky        |       |     1 ||     1
Armor: Scale mail        |    67 |   164 ||   231
Dodge: Dodged            |    60 |    81 ||   141
Block: Shield            |    66 |   132 ||   198
